 Dungeon Crawl Stone Soup version 0.17.0-24-gcfadda4 (webtiles) character file.

193 Medar the Ruffian (level 5, 0/41 HPs)
             Began as a Ghoul Skald on Nov 17, 2015.
             Was an Initiate of Makhleb.
             Rotted away (potion of mutation)
             ... on level 3 of the Dungeon.
             The game lasted 00:07:00 (2631 turns).

Medar the Ruffian (Ghoul Skald)                     Turns: 2631, Time: 00:07:00

Health: 0/41       AC:  6    Str: 15 (17) XL:     5   Next: 72%
Magic:  6/6        EV:  9    Int:  7      God:    Makhleb [......]
Gold:   178        SH:  0    Dex:  8      Spells: 1 memorised, 6 levels left

rFire  + . .     SeeInvis .       - Unarmed
rCold  + . .     Clarity  .     d - +0 scale mail
rNeg   + + +     SustAt   .     (no shield)
rPois  ∞         Gourm    .     (no helmet)
rElec  .         Spirit   .     (no cloak)
rCorr  .         Warding  .     (no gloves)
rMut   .         Stasis   .     (no boots)
MR     .....                    (no amulet)
Stlth  ..........               (no ring)
                                e - ring of protection from fire

@: rotting, not resistant to hostile enchantments, extremely unstealthy
A: rotting body, claws 1, carnivore 3, cold resistance 1, negative energy
resistance 3, slow regeneration 1, torment resistance, unbreathing
a: Renounce Religion


You were on level 3 of the Dungeon.
You worshipped Makhleb.
Makhleb was noncommittal.
You were not hungry.

You visited 1 branch of the dungeon, and saw 4 of its levels.

You collected 178 gold pieces.

Inventory:

Missiles
 j - 4 silver tomahawks
 k - 4 curare-tipped needles
 l - 2 javelins
 o - 6 javelins of returning (quivered)
 q - 15 poisoned needles
Armour
 a - a +0 leather armour
 d - a +0 scale mail (worn)
 v - a +0 pair of gloves
Jewellery
 e - a ring of protection from fire (left claw)
Scrolls
 g - a scroll of enchant weapon
 h - a scroll of remove curse {unknown}
 n - a scroll of fog {unknown}
 r - a scroll of teleportation {unknown}
 u - a scroll of enchant armour {unknown}
Potions
 i - a potion of mutation
 m - a potion of invisibility {unknown}
Books
 b - a book of Battle

   Spells                             Type                      Level
   a - Infusion                       Charms                       1
   b - Shroud of Golubria             Charms/Translocation         2
   c - Song of Slaying                Charms                       2
   d - Spectral Weapon                Hexes/Charms                 3
   e - Regeneration                   Charms/Necromancy            3
Comestibles
 c - a meat ration {@e2}
 f - 5 chunks of flesh
 p - a beef jerky
 s - a slice of pizza


   Skills:
 - Level 2.1 Fighting
 - Level 0.8 Armour
 - Level 0.8 Dodging
 + Level 6.3 Unarmed Combat
 - Level 1.7 Spellcasting
 - Level 2.6 Charms


You had 6 spell levels left.
You knew the following spells:

 Your Spells              Type           Power        Failure   Level  Hunger
s - Infusion              Chrm           #.....       58%         1    ##.....


Dungeon Overview and Level Annotations

Branches:
Dungeon (4/15)             Temple (0/1) D:4

Altars:
Elyvilon
Kikubaaqudgha
Makhleb
Okawaru
Sif Muna
The Shining One


Innate Abilities, Weirdness & Mutations

Your body is rotting away.
You thrive on raw meat.
You are immune to poison.
You have sharp fingernails.
You are carnivorous and can eat meat at any time.
Your flesh is cold resistant.
You are immune to negative energy.
You regenerate slowly when monsters are visible.
You are immune to unholy pain and torment.
You can survive without breathing.


Message History

The hound is moderately wounded.
The orc barely misses you. The hound bites you.
* * * LOW HITPOINT WARNING * * *
The orc hits you with an enchanted mace.
* * * LOW HITPOINT WARNING * * *
Read which item? (? for menu, Esc to quit)
Okay, then.
Your scale mail prevents you from hitting the hound.
The hound is moderately wounded.
The hound bites you.
* * * LOW HITPOINT WARNING * * *
The orc hits you but does no damage.
The orc hits you with an enchanted mace.
* * * LOW HITPOINT WARNING * * *
Drink which item? (? for menu, Esc to quit)
Okay, then.
Drink which item? (? for menu, Esc to quit)
It was a potion of mutation.
You feel extremely strange.
Your body decomposes!
You die...

#..# #.# #............
#..###+###......##....
#...............##....
#.##............##....
#.##..................
#.##..................
#.##............#####.
#.###h###.######### #.
#.# #@o...........###.
#.# #o......#######3#_
#.# #.......# #### #.#
#.......## #1 #.#
#........# ##
#.###.....##.# #
#...#.....##.# #
**###.#........# #
*,..#.##########


You could see a hound and 2 orcs.

Vanquished Creatures
  An orc priest (D:3)
  2 orc wizards (D:3)
  3 adders
  An ooze (D:2)
  A giant gecko (D:1)
  15 orcs
  8 bats
  7 giant cockroaches
  4 goblins
  8 hobgoblins
  3 jackals (D:1)
  9 kobolds
  A quokka (D:4)
  A ball python (D:2)
  A giant newt (D:3)
  6 rats
71 creatures vanquished.

Notes
Turn   | Place    | Note
--------------------------------------------------------------
     0 | D:1      | Medar the Ghoul Skald began the quest for the Orb.
     0 | D:1      | Reached XP level 1. HP: 17/17 MP: 2/2
   226 | D:1      | Reached skill level 3 in Unarmed Combat
   226 | D:1      | Reached XP level 2. HP: 1/23 MP: 3/3
   664 | D:1      | Reached XP level 3. HP: 18/29 MP: 4/4
  1023 | D:2      | Reached skill level 4 in Unarmed Combat
  1964 | D:3      | Found a white marble altar of Elyvilon.
  1964 | D:3      | Found a deep blue altar of Sif Muna.
  1972 | D:3      | Reached XP level 4. HP: 33/36 MP: 5/5
  2054 | D:3      | Found an ancient bone altar of Kikubaaqudgha.
  2070 | D:3      | Reached skill level 5 in Unarmed Combat
  2079 | D:3      | Reached XP level 5. HP: 23/41 MP: 6/6
  2138 | D:3      | Found a glowing golden altar of the Shining One.
  2199 | D:3      | Reached skill level 6 in Unarmed Combat
  2370 | D:3      | Found a burning altar of Makhleb.
  2372 | D:3      | Noticed an Executioner
  2380 | D:3      | Noticed a neqoxec
  2380 | D:3      | Noticed a neqoxec
  2382 | D:3      | Became a worshipper of Makhleb the Destroyer
  2439 | D:3      | Found an iron altar of Okawaru.
  2631 | D:3      | Rotted away (potion of mutation)

Action                   |  1- 3 |  4- 6 || total
-------------------------+-------+-------++-------
Melee: Unarmed           |   152 |   129 ||   281
 Cast: Infusion          |     1 |       ||     1
  Use: Potion            |     4 |       ||     4
       Scroll            |     1 |     4 ||     5
  Eat: Chunk             |    18 |    13 ||    31
